AoeStats
← cgan13289

Arena

510110520Analyzed
4v4 RM · 3d ago on Sep 29, 2026· 42m 18s· 8 players
Game mode
Random Map
Map size
Large (8 player)
Population
200
Speed
Normal
Resources
Standard
Victory
Conquest
Starting age
Dark Age
Ending age
Imperial Age
RankedLock teamsTeams togetherTeam positionsShared explorationLock speedFull tech treeHidden civsTurbo modeCheats
Victory
Defeat
🇨🇿 Poles · Czechia
1444
+14
🇨🇴 Cumans · Colombia
1427
+15
🇩🇪 Mapuche · Germany
1392
+16
🇩🇪 Georgians · Germany
1369
+17
🇨🇳 Spanish · China
1424
-16
🇨🇳 Berbers · China
1416
-16
🇹🇼 Saxons · Taiwan
1403
-16
🇯🇵 Britons · Japan
1369
-14
cgan13289
10:24 Feudal Age
11:57 Double-Bit Axe
12:03 Gold Mining
14:32 Castle Age
13:40 Scale Mail Armor
15:33 Chain Mail Armor
15:17 Gambesons
18:29 Loom
19:22 Town Watch
20:43 Wheelbarrow
21:37 Bow Saw
23:06 Horse Collar
29:07 Heavy Plow
29:46 Stone Mining
31:52 Hand Cart
31:08 Pikeman
35:30 Imperial Age
34:29 Forging
34:30 Squires
34:15 Arson
34:19 Treadmill Crane
34:43 Clerical Recruitment
36:25 Iron Casting
35:35 Halberdier
36:37 Conscription
35:50 Shield Wall
37:21 Plate Mail Armor
37:53 Two-Man Saw
37:25 Crop Rotation
38:54 Elite Varangian Guard
Ren
10:58 Feudal Age
9:51 Loom
11:49 Double-Bit Axe
12:29 Horse Collar
13:59 Fletching
17:22 Wheelbarrow
21:50 Castle Age
20:50 Gold Mining
20:51 Stone Mining
23:04 Bow Saw
22:52 Bodkin Arrow
23:00 Heavy Plow
29:05 Imperial Age
27:55 Padded Archer Armor
30:14 Leather Archer Armor
31:01 Chemistry
31:18 Conscription
33:38 Ring Archer Armor
33:22 Husbandry
33:32 Bloodlines
33:35 Light Cavalry
34:53 Forging
34:49 Scale Barding Armor
35:38 Elite Conquistador
37:19 Fortified Wall
39:01 Bracer
39:32 Chain Barding Armor
39:32 Hand Cart
40:27 Iron Casting
sada-aki
7:31 Loom
10:42 Feudal Age
11:06 Horse Collar
11:14 Double-Bit Axe
11:27 Gold Mining
13:57 Fletching
25:24 Padded Archer Armor
28:35 Castle Age
28:40 Crossbowman
29:16 Bodkin Arrow
29:37 Leather Archer Armor
29:37 Bow Saw
30:20 Treadmill Crane
31:12 Ballistics
35:45 Fortified Wall
41:53 Imperial Age
39:54 Yeomen
黑石塔
10:17 Feudal Age
14:03 Castle Age
13:12 Double-Bit Axe
13:27 Horse Collar
17:25 Loom
20:26 Wheelbarrow
21:53 Scale Barding Armor
24:29 Chain Barding Armor
24:20 Forging
28:57 Imperial Age
26:24 Gold Mining
26:41 Husbandry
26:58 Bloodlines
27:35 Bow Saw
27:36 Heavy Plow
29:23 Iron Casting
29:52 Heavy Camel Rider
31:10 Plate Barding Armor
31:36 Blast Furnace
30:39 Capped Ram
35:49 Fletching
35:59 Padded Archer Armor
36:24 Conscription
35:56 Light Cavalry
37:16 Gold Shaft Mining
36:32 Stone Mining
36:05 Elite Camel Archer
36:55 Kasbah
37:29 Maghrebi Camels
37:45 Bodkin Arrow
38:05 Leather Archer Armor
38:26 Ballistics
39:07 Chemistry
38:57 Bracer
39:56 Stone Shaft Mining
Cafernaun
9:43 Feudal Age
10:13 Double-Bit Axe
19:38 Wheelbarrow
19:09 Horse Collar
19:42 Gold Mining
20:26 Stone Mining
21:24 Fletching
27:19 Castle Age
26:22 Loom
28:34 Bow Saw
28:26 Heavy Plow
29:02 Gold Shaft Mining
29:15 Bodkin Arrow
32:09 Ballistics
32:54 Masonry
34:08 Hand Cart
34:35 Town Watch
38:50 Imperial Age
35:51 Capped Ram
38:15 Murder Holes
38:33 Forging
38:29 Steppe Husbandry
40:02 Iron Casting
40:35 Two-Man Saw
39:34 Siege Ram
41:23 Crop Rotation
41:46 Town Patrol
42:48 Blast Furnace
42:52 Chemistry
42:54 Scale Barding Armor
INSIDIOUS
11:07 Feudal Age
14:56 Castle Age
14:47 Horse Collar
14:52 Double-Bit Axe
14:53 Champi Runner
15:35 Gold Mining
15:59 Scale Mail Armor
16:40 Bow Saw
19:22 Wheelbarrow
23:53 Heavy Plow
24:43 Stone Mining
26:09 Loom
26:40 Hand Cart
28:26 Fletching
28:37 Padded Archer Armor
31:49 Imperial Age
29:56 Ballistics
29:42 Malon
30:06 Leather Archer Armor
30:21 Bodkin Arrow
32:36 Butalmapu
32:54 Conscription
33:06 Ring Archer Armor
32:06 Elite Bolas Rider
34:21 Chemistry
36:59 Hoardings
36:36 Elite Kona
37:28 Forging
37:57 Chain Mail Armor
37:06 Pikeman
39:55 Masonry
39:43 Murder Holes
40:27 Iron Casting
40:23 Plate Mail Armor
39:15 Halberdier
Rakosnik
6:32 Loom
8:45 Feudal Age
19:56 Castle Age
26:01 Horse Collar
29:20 Redemption
29:47 Heavy Plow
30:07 Double-Bit Axe
32:15 Wheelbarrow
31:55 Bow Saw
33:50 Sanctity
37:23 Imperial Age
35:21 Fervor
36:08 Gold Mining
36:20 Fletching
36:30 Padded Archer Armor
36:13 Crossbowman
37:06 Bodkin Arrow
38:09 Thumb Ring
39:20 Ballistics
39:05 Squires
39:11 Bracer
40:35 Leather Archer Armor
41:29 Chemistry
40:06 Arbalester
GOGO
11:19 Feudal Age
13:34 Double-Bit Axe
13:31 Horse Collar
16:17 Castle Age
15:17 Wheelbarrow
16:33 Stone Mining
17:27 Bow Saw
18:54 Hand Cart
22:14 Loom
24:47 Heavy Plow
25:04 Gold Mining
25:57 Stone Shaft Mining
30:17 Imperial Age
28:49 Forging
28:44 Scale Barding Armor
28:45 Husbandry
29:20 Bloodlines
28:32 Light Cavalry
31:18 Iron Casting
31:03 Chain Barding Armor
30:33 Elite Monaspa
31:43 Aznauri Cavalry
32:26 Crop Rotation
36:08 Blast Furnace
36:02 Plate Barding Armor
34:59 Sappers
35:49 Conscription
39:15 Fletching
39:25 Padded Archer Armor
41:56 Leather Archer Armor
41:36 Bodkin Arrow
42:14 Town Watch
41:53 Crossbowman
41:53 Elite Skirmisher
42:35 Bodkin Arrow
Connection lost

Rejoining the realm…

Still unreachable

The connection could not be restored.

Session expired

The server has moved on; the page needs a fresh start.